Unix NetHack Version 5.0.0-0 post-release - last build May  4 2026 22:22:43 (774f63e81ad911689b3a0859ea89b322d5daca8d,branch:main).

Game began 2026-05-10 10:48:46, ended 2026-05-10 10:58:24.

DiePARTEI, lawful female human Archeologist

                                                                   -----------
                                                  ---------        |<........|
       ----------------                          #........|        ........%.|
       |..............|                          #|.......-##      |.........|
       |..............|               ------ #####|.......|#       -|---------
       |..............|   ############-....| #    ---------#        #
       ------.-------.-0###           |....| #             #        #
            ###     ####              |..^.-##             #       ##
         ######      ####             .....|               #       #
 --------|--                          ------               #       #
 |......B@.|                                               # -+----.--
 |.........|                                               # |.......|
 |....>....+                                               # |.......|
 - ---------                                               ##........|
                                                             |.|.....|
                                                             ---------

DiePARTEI the Field Worker  St:14 Dx:11 Co:12 In:13 Wi:15 Ch:10  Lawful
Dlvl:4  $:0  HP:0(24) Pw:13(13) AC:6  Xp:3 T:1597 

Latest messages:
 What do you want to adjust? [ad-hlpr-tw or ?*] h
 Adjust letter to what [bch-km-oquvx-zA-Z] (? see used letters)? s
 Swapping: s - an empty uncursed sack.
 What do you want to use or apply? [ae-gps or ?*] s
 You put 2605 gold pieces into the sack.
 Where do you want to travel to?
 (For instructions type a '?')
 You hear someone cursing shoplifters.
 You descend the stairs.
 Where do you want to travel to?
 (For instructions type a '?')
 You miss the lichen.
 You kill the lichen!
 You hear someone cursing shoplifters.
 The door resists!
 The door opens.
 You descend the stairs.
 You see here a gnome corpse.
 An arrow shoots out at you!
 You are hit by an arrow.
 You hear distant howling.
 You lash the iguana.
 You miss the iguana.
 The iguana just misses!
 You miss the iguana.
 You miss the iguana.
 You lash the iguana.
 The iguana bites!
 You miss the iguana.
 You miss the iguana.
 The iguana bites!
 You miss the iguana.
 The iguana bites!
 You kill the iguana!
 The door resists!
 The door opens.
 The giant bat bites!
 The giant bat misses!
 The giant bat bites!
 You miss the giant bat.
 The giant bat bites!
 The giant bat bites!
 You lash the giant bat.
 The giant bat bites!
 You die...
 Do you want your possessions identified? [ynq] (y) y
 Do you want to see your attributes? [ynq] (y) y
 Do you want an account of creatures vanquished? [ynaq] (y) y
 Do you want to see your conduct and achievements? [ynq] (y) y
 Do you want to see the dungeon overview? [ynq] (y) y

Inventory:
 Amulets  ('"')
  w - an uncursed amulet versus poison
 Weapons  (')')
  t - 12 +0 darts
  a - a +2 bullwhip (weapon in right hand)
 Armor    ('[')
  l - an uncursed +0 pair of low boots (being worn)
  h - an uncursed +0 studded leather armor (being worn)
 Comestibles  ('%')
  r - an uncursed slime mold
  d - 5 uncursed food rations
 Tools    ('(')
  s - an uncursed sack containing 1 item
  p - a cursed blindfold
  e - a +0 pick-axe
  f - a tinning kit (0:98)
 Gems/Stones  ('*')
  g - an uncursed touchstone

Contents of the sack:
  2605 gold pieces

DiePARTEI the Archeologist's attributes:

Background:
 You were a Field Worker, a level 3 female human Archeologist.
 You were lawful, nominally on a mission for Quetzalcoatl
 who was opposed by Camaxtli (neutral) and Huhetotl (chaotic).
 You were right-handed.
 You were in the Dungeons of Doom, on level 4.
 You entered the dungeon 1597 turns ago.
 You had 52 experience points, 28 more were needed to attain level 4.

Basics:
 You had 0 out of 24 hit points.
 You had all 13 energy points (spell power).
 Your armor class was 6.
 Your wallet was empty, but
 you had 2605 zorkmids stashed away in your pack.
 Autopickup was off.

Final Characteristics:
 Your strength was 14 (limit:18/100).
 Your dexterity was 11 (limit:18).
 Your constitution was 12 (limit:18).
 Your intelligence was 13 (limit:18).
 Your wisdom was 15 (limit:18).
 Your charisma was 10 (limit:18).

Final Status:
 You weren't hungry.
 You were unencumbered.
 You were wielding a whip.
 You had basic skill with whip.

Final Attributes:
 You were devoutly aligned.
 You had automatic searching.
 You were warded.
 You are dead.

Miscellaneous:
 You encountered 1 bones level.
 Total elapsed playing time was 9 minutes and 37 seconds.

Major events:
 Turn
    1: DiePARTEI the lawful female human Archeologist entered the dungeon
 1148: entered the Gnomish Mines
 1155: attained the rank of Field Worker (level 3)
 1597: killed by a giant bat

You didn't know any spells.

Skills:
 Fighting Skills
   bare handed combat [Unskilled]
   two weapon combat  [Unskilled]
   riding             [Unskilled]
 Weapon Skills
   dagger             [Unskilled]
   knife              [Unskilled]
   pick-axe           [Basic]
   short sword        [Unskilled]
   saber              [Unskilled]
   club               [Unskilled]
   quarterstaff       [Unskilled]
   sling              [Unskilled]
   dart               [Unskilled]
   boomerang          [Unskilled]
   whip               [Basic]
   unicorn horn       [Unskilled]
 Spellcasting Skills
   attack spells      [Unskilled]
   healing spells     [Unskilled]
   divination spells  [Unskilled]
   matter spells      [Unskilled]

Voluntary challenges:
 Character rerolling was not enabled.
 You were an atheist.
 You were illiterate.
 You never genocided any monsters.
 You never polymorphed an object.
 You never changed form.
 You used no wishes.
Achievements:
 You entered a shop.
 You entered the Gnomish Mines.
 You attained the rank of Field Worker.

 The Dungeons of Doom: levels 1 to 4
    Level 1:
    Level 2:
       A general store.
    Level 3:
       Stairs down to The Gnomish Mines.
    Level 4: <- You were here.
       A grave.
       Final resting place for
          you, killed by a giant bat,
          gipwolley-Arc-Gno-Fem-Neu, killed by a giant bat.
 The Gnomish Mines:
    Level 4:


Vanquished creatures:
 an iguana
  a large kobold
  a gnome
  2 geckos
  2 jackals
  a fox
  a kobold
  4 grid bugs
  3 lichens
  7 newts
23 creatures vanquished.

No species were genocided or became extinct.

Game over:
                       ----------
                      /          \
                     /    REST    \
                    /      IN      \
                   /     PEACE      \
                  /                  \
                  |    DiePARTEI     |
                  |     2605 Au      |
                  |   killed by a    |
                  |    giant bat     |
                  |                  |
                  |                  |
                  |       2026       |
                 *|     *  *  *      | *
        _________)/\\_//(\/(/\)/\//\/|_)_______

Goodbye DiePARTEI the Archeologist...

You died in The Dungeons of Doom on dungeon level 4 with 2703 points,
and 2605 pieces of gold, after 1597 moves.
You were level 3 with a maximum of 24 hit points when you died.

